 Dungeon Crawl Stone Soup version 0.23-a0-14-g8c9a20f (webtiles) character file.

101993 Zenkrye the Severer (level 16, 0/152 HPs)
             Began as a Hill Orc Fighter on Aug 1, 2018.
             Was the Champion of Beogh.
             Slain by a vampire mosquito (1 damage)
             ... on level 4 of the Swamp on Aug 2, 2018.
             The game lasted 02:09:31 (22546 turns).

Zenkrye the Severer (Hill Orc Fighter)             Turns: 22546, Time: 02:09:32

Health: 0/152      AC: 23    Str: 29    XL:     16   Next: 32%
Magic:  0/23       EV: 10    Int:  8    God:    Beogh [******]
Gold:   2700       SH:  0    Dex: 10    Spells: 15/15 levels left

rFire    . . .     SeeInvis .   b - +9 broad axe (elec)
rCold    . . .     Gourm    .   c - +1 shield
rNeg     . . .     Faith    .   K - +3 swamp dragon scales
rPois    +         Spirit   +   p - +2 hat
rElec    .         Reflect  +   P - scarf {Spirit}
rCorr    .         Harm     .   L - +1 pair of gloves
MR       ++...                  U - +0 pair of boots
Stlth    ..........             V - +3 amulet of reflection
HPRegen  0.35/turn              D - +3 ring of strength
MPRegen  0.18/turn              e - ring of protection from magic

@: confused, very slightly contaminated, drained
A: walk on water, slimy green scales 2
a: Smiting, Recall Orcish Followers, Give Item to Named Follower, Resurrection,
Renounce Religion


You were on level 4 of the Swamp.
You worshipped Beogh.
Beogh was exalted by your worship.
You were not hungry.

You visited 5 branches of the dungeon, and saw 28 of its levels.
You also visited: Ossuary.

You collected 2700 gold pieces.

Inventory:

Hand Weapons
 b - a +9 broad axe of electrocution (weapon)
 y - the +5 long sword of Blood {antimagic, -Tele rN+ Int+6 Dex+4}
   (You found it on level 10 of the Dungeon)

   It reduces the magical energy of the wielder, and disrupts the spells and
   magical abilities of those hit.
   Natural abilities and divine invocations are not affected.
   It affects your intelligence (+6).
   It affects your dexterity (+4).
   It protects you from negative energy.
   It prevents most forms of teleportation.
 C - a +1 hand crossbow of velocity
Missiles
 i - 5 tomahawks of returning
 r - 347 bolts
 s - 38 tomahawks (quivered)
 M - 5 poisoned tomahawks
 O - 2 poisoned javelins
Armour
 c - a +1 shield (worn)
 h - a +0 scale mail of fire resistance
 p - a +2 hat (worn)
 F - a +1 plate armour
 K - +3 swamp dragon scales (worn)
 L - a +1 pair of gloves (worn)
 P - a scarf of spirit shield (worn)
 U - a +0 pair of boots (worn)
Jewellery
 e - a ring of protection from magic (right hand)
 g - an uncursed amulet of regeneration
 v - an uncursed ring of flight
 D - a +3 ring of strength (left hand)
 V - a +3 amulet of reflection (around neck)
Wands
 k - a wand of paralysis (12)
 l - a wand of acid (26)
 n - a wand of digging (8)
 w - a wand of polymorph (11)
 z - a wand of flame (66)
 Q - a wand of iceblast (3)
Scrolls
 j - 34 scrolls of identify
 u - 16 scrolls of remove curse
 x - 7 scrolls of magic mapping
 A - 13 scrolls of teleportation
 B - 5 scrolls of amnesia
 G - 2 scrolls of fear
 W - 4 scrolls of enchant weapon
Potions
 a - a potion of magic
 d - a potion of might
 m - 12 potions of curing
 o - 3 potions of berserk rage
 q - 7 potions of mutation
 t - 4 potions of lignification
 E - a potion of resistance
 H - 6 potions of brilliance
 I - 4 potions of haste
 N - 3 potions of cancellation
 R - 3 potions of agility
Miscellaneous
 Y - a sack of spiders
Comestibles
 f - 26 rations
 T - 10 chunks of flesh


   Skills:
 * Level 16.6(15.9) Fighting
 + Level 17.3(16.7) Axes
 * Level 13.8(13.2) Armour
 * Level 14.8(14.2) Shields
 - Level 10.0(9.4) Invocations
 - Level 6.0(5.4) Evocations


You had 15 spell levels left.
You didn't know any spells.
Your spell library contained the following spells:

 Spells                   Type           Power        Failure   Level  Hunger
 Magic Dart               Conj           #...         54%         1    ##.....
 Fireball                 Conj/Fire      #.........   100%        5    ######.
 Conjure Flame            Conj/Fire      #.......     88%         3    ####...
 Slow                     Hex            #.......     67%         2    ###....
 Throw Flame              Conj/Fire      #.....       67%         2    ###....
 Mephitic Cloud           Conj/Pois/Air  #.......     88%         3    ####...
 Teleport Other           Tloc           #.......     88%         3    ####...
 Blink                    Tloc           N/A          67%         2    ###....
 Sticky Flame             Conj/Fire      #.......     99%         4    #####..
 Summon Ice Beast         Ice/Summ       #.......     99%         4    #####..
 Call Imp                 Summ           #.......     67%         2    ###....
 Flame Tongue             Conj/Fire      #....        54%         1    ##.....
 Call Canine Familiar     Summ           #.......     88%         3    ####...
 Summon Butterflies       Summ           #.......     54%         1    ##.....
 Passage of Golubria      Tloc           N/A          99%         4    #####..
 Summon Hydra             Summ           #.........   100%        7    #######
 Shroud of Golubria       Chrm/Tloc      #.........   67%         2    ###....
 Inner Flame              Hex/Fire       #.......     88%         3    ####...
 Summon Mana Viper        Hex/Summ       #.......     100%        5    ######.
 Gell's Gravitas          Tloc           #.........   88%         3    ####...
 Lesser Beckoning         Tloc           #.........   88%         3    ####...


Dungeon Overview and Level Annotations

Branches:
Dungeon (15/15)            Temple (1/1) D:6            Lair (6/6) D:9
  Swamp (4/4) Lair:3        Snake (0/4) Lair:3        Slime (0/5) Lair:6
    Orc (2/2) D:11            Elf (0/3) Orc:2        Vaults (0/5) D:14
 Depths (0/5) D:15

Altars:
Ashenzari
Cheibriados
Dithmenos
Elyvilon
Fedhas
Gozag
Hepliaklqana
Kikubaaqudgha
Makhleb
Nemelex Xobeh
Okawaru
Qazlal
Ru
Sif Muna
Trog
Uskayaw
Vehumet
Wu Jian
Xom
Yredelemnul
Zin
The Shining One
Beogh

Shops:
D:5 *   D:6 !   D:15 :   Orc:1 !   Orc:2 :(=%

Annotations:
D:3 1 runed door, Uniporpoise's ghost, amateur GrFi
D:4 1 runed door, Mattviviwu's ghost, amateur DsMo
Lair:2 3 runed doors, Pamiuf's ghost, journeyman KoSu
Lair:5 exclusion: 2 oklob plants
Swamp:1 Nergalle


Innate Abilities, Weirdness & Mutations

You can walk on water.
You are mostly covered in slimy green scales. (AC +3)


Message History

The vampire mosquito closely misses you.
The alligator bites you.
* * * LOW HITPOINT WARNING * * *
The alligator tail-slaps you but does no damage.
You block the vampire mosquito's attack.
The alligator bites you but does no damage.
The alligator barely misses you.
You are confused.
You feel invigorated. The vampire mosquito barely misses you.
The vampire mosquito bites you but does no damage.
The vampire mosquito misses you. x2; The alligator bites you!
* * * LOW HITPOINT WARNING * * *
The alligator closely misses you.
The spriggan druid mumbles some strange words.
The forest starts to sway and rumble!
The alligator bites you!
* * * LOW HITPOINT WARNING * * *
The alligator tail-slaps you but does no damage.
The vampire mosquito bites you but does no damage.
The vampire mosquito bites you.
You die...

♣♣♣♣♣♣♣♣♣ ♣..≈≈.≈.♣
♣♣♣.≈≈≈..≈♣ ♣♣♣
≈♣.....yyo♣♣ ♣♣♣ ♣≈♣
≈≈..n..@y.≈♣♣♣♣♣.♣♣♣ ♣o♣
.♣♣♣.≈ytt.≈♣♣≈..≈§.♣♣♣♣≈
♣≈≈≈...≈♣♣...≈≈≈.♣...
♣♣♣♣♣.i.♣≈≈...≈≈≈≈...
♣≈!..†(..≈.≈≈≈≈≈≈≈
♣♣♣♣♣♣♣))..†.♣♣≈≈≈o≈♣.≈≈
♣♣§...≈.).♣♣♣♣♣.≈≈.≈♣♣♣≈≈
...≈≈≈≈)≈≈.♣ ♣.≈≈≈≈.♣ ♣.≈
.≈.≈≈≈≈≈≈≈...♣.≈≈≈≈..≈♣♣≈


You could see 2 alligators, a spriggan druid, a bog body, 4 vampire mosquitoes
and the friendly Worak the orc warlord.

Vanquished Creatures
  Kirke (Swamp:1)
  A dire elephant (D:15)
  Snorg (D:14)
  A hydra (Swamp:1)
  2 ghost crabs
  2 centaur warriors
  A death knight (D:15)
  7 death yaks
  9 two-headed ogres
  5 alligators
  An ogre mage (Orc:2)
  2 unseen horrors
  A skeletal warrior (D:15)
  An unseen horror (shapeshifter) (D:14)
  A spriggan druid (Swamp:4)
  3 shambling mangroves
  A deep troll (D:14)
  A glowing orange brain (shapeshifter) (D:14)
  3 swamp dragons
  2 deep elf magi
  A manticore (Lair:5)
  11 slime creatures
  5 ugly things
  A salamander (D:15)
  A cyclops (D:13)
  2 elephants (Lair:6)
  A black mamba (Lair:6)
  13 spiny frogs
  2 rime drakes (Lair:5)
  5 komodo dragons
  7 trolls
  7 hornets
  2 polar bears
  Prince Ribbit (D:5)
  8 tyrant leeches
  9 hippogriffs
  4 bog bodies
  A dream sheep (Lair:5)
  2 shadows
  A wyvern (Lair:5)
  23 yaks
  Eustachio (D:4)
  2 wraiths (D:15)
  2 hungry ghosts
  A hog (shapeshifter) (D:14)
  A hog (Swamp:1)
  3 basilisks
  9 vampire mosquitoes
  A chaos spawn (D:10)
  2 insubstantial wisps (Swamp:1)
  A naga (Lair:3)
  A warg (Orc:2)
  11 swamp worms
  2 soldier ants
  Duvessa (D:7)
  7 water moccasins
  2 hell hounds (Lair:5)
  2 porcupines
  2 ice beasts
  6 orc warriors
  3 swamp drakes
  8 sky beasts
  5 black bears
  A necrophage (D:8)
  8 wolves
  5 ogres
  14 centaurs
  10 crocodiles
  Blork the orc (D:5)
  A big kobold (D:8)
  18 bullfrogs
  Dowan (D:7)
  A wyvern skeleton (D:11)
  4 scorpions
  2 killer bees
  10 wights
  2 howler monkeys (D:11)
  3 electric eels (Lair:4)
  6 crimson imps
  5 bullfrog zombies
  5 hounds
  2 jellies
  3 quasits
  5 orc priests
  4 centaur skeletons
  11 centaur zombies
  A bullfrog skeleton (D:13)
  An orc wizard (D:6)
  18 mummies (Ossuary)
  7 iguanas
  12 worker ants
  2 killer bee zombies (Ossuary)
  A bullfrog simulacrum (D:12)
  A hound zombie (D:6)
  5 worker ant zombies
  A howler monkey zombie (Ossuary)
  10 adders
  8 gnolls
  2 river rats (D:15)
  7 shadow imps
  An ooze (D:5)
  5 adder zombies (Ossuary)
  4 adder skeletons
  3 worms
  3 dart slugs
  9 leopard geckos
  26 orcs
  6 bats
  7 giant cockroaches
  5 goblins
  5 hobgoblins
  4 jackals (D:1)
  3 quokkas
  A ball python (D:8)
  8 frilled lizards
  A giant cockroach zombie (Ossuary)
  A jackal zombie (Ossuary)
  9 kobolds
  2 leopard gecko zombies (Ossuary)
  A quokka skeleton (D:5)
  A quokka zombie (D:8)
  7 rats
  A fungus (Lair:4)
  2 plants
539 creatures vanquished.

Vanquished Creatures (collateral kills)
  The ghost of Amet the Severer, a journeyman MiBe of Trog (Swamp:3)
  A ghost crab (Swamp:4)
  9 hydras
  3 ogre magi (Orc:2)
  A catoblepas (Lair:6)
  9 two-headed ogres (Orc:2)
  2 centaur warriors (D:13)
  A deep troll shaman (Lair:6)
  4 alligators
  A tengu warrior (D:15)
  2 death yaks
  2 swamp dragons
  A spriggan druid (Swamp:4)
  2 deep elf magi
  A wolf spider (D:15)
  A lindwurm (Lair:6)
  3 orc knights
  8 ugly things
  2 cyclopes
  6 elephants (Lair:6)
  A black mamba (Lair:4)
  2 spiny frogs
  5 rime drakes
  3 komodo dragons
  A tengu conjurer (D:15)
  2 ice devils (Orc:2)
  A polar bear (Lair:2)
  3 trolls
  7 tyrant leeches
  3 hornets
  5 hippogriffs
  7 slime creatures
  5 bog bodies
  4 dream sheep (Lair:5)
  2 wraiths
  A vampire (D:13)
  2 spriggans (Swamp:4)
  3 wyverns
  A fire elemental (Lair:6)
  19 yaks
  2 hogs (Swamp:1)
  4 basilisks (Lair:5)
  A hungry ghost (D:15)
  7 vampire mosquitoes
  A chaos spawn (D:10)
  An insubstantial wisp (Swamp:1)
  An acid dragon (D:15)
  3 nagas (Lair:3)
  3 wargs (Orc:2)
  4 swamp worms
  A water moccasin (Lair:2)
  A hell hound (Lair:5)
  4 swamp drakes
  2 sky beasts
  A black bear (D:10)
  3 orc warriors
  20 ogres
  A phantom (D:11)
  7 wolves
  2 centaurs
  5 crocodiles
  A wyvern zombie (D:12)
  3 bullfrogs
  7 killer bees
  A wight (D:12)
  A howler monkey (D:11)
  2 crimson imps
  A bullfrog zombie (D:13)
  4 orc priests
  2 orc wizards
  2 bullfrog skeletons
  A worker ant (D:9)
  A river rat (D:15)
  10 orcs
  18 fungi
  11 plants
276 creatures vanquished.

Vanquished Creatures (others)
  An orc high priest (Swamp:4)
  2 centaur warriors
  Nergalle (Swamp:1)
  11 orc knights
  A cyclops (D:15)
  6 orc warriors
  A tyrant leech (Swamp:1)
  A hornet (Swamp:1)
  An alligator zombie (Swamp:4)
  4 centaurs
  10 orc wizards
  7 orc priests
  37 orcs
  8 fungi
  9 plants
100 creatures vanquished.

Grand Total: 915 creatures vanquished

Notes
Turn   | Place    | Note
-------+----------+-------------------------------------------
     0 | D:1      | Zenkrye the Hill Orc Fighter began the quest for the Orb.
     0 | D:1      | Reached XP level 1. HP: 19/19 MP: 1/1
    46 | D:1      | Reached skill level 3 in Axes
    87 | D:1      | Reached XP level 2. HP: 13/26 MP: 2/2
   318 | D:1      | Reached skill level 4 in Axes
   338 | D:1      | Reached XP level 3. HP: 30/31 MP: 3/3
   886 | D:1      | Reached skill level 5 in Axes
   956 | D:2      | Found an ornate altar of the Wu Jian Council.
  1866 | D:3      | Found a runed door.
  1897 | D:3      | Reached XP level 4. HP: 39/39 MP: 4/4
  2093 | D:3      | Found a blossoming altar of Fedhas.
  2245 | D:3      | Noticed Uniporpoise's ghost (amateur GrFi)
  2354 | D:4      | Noticed Grinder
  2355 | D:4      | Noticed Grinder
  2355 | D:4      | Grinder changed into Grinder the crimson imp
  2437 | D:4      | Reached skill level 6 in Axes
  2467 | D:4      | Found a runed door.
  2467 | D:4      | Noticed a bullfrog
  2478 | D:4      | Noticed Mattviviwu's ghost (amateur DsMo)
  2517 | D:4      | Noticed an orc warrior
  2545 | D:3      | Killed Grinder the crimson imp
  2545 | D:3      | Reached XP level 5. HP: 43/45 MP: 5/5
  2722 | D:4      | Reached skill level 7 in Axes
  2947 | D:4      | Noticed Eustachio
  2988 | D:4      | Killed Eustachio
  2988 | D:4      | Reached skill level 8 in Axes
  2988 | D:4      | Reached XP level 6. HP: 34/51 MP: 6/6
  3062 | D:4      | Gained mutation: You are partially covered in slimy green scales. (AC +2) [potion of mutation]
  3062 | D:4      | Gained mutation: You are mostly covered in slimy green scales. (AC +3) [potion of mutation]
  3065 | D:5      | Entered Level 5 of the Dungeon
  3065 | D:5      | Found a shadowy altar of Dithmenos.
  3138 | D:5      | Reached skill level 9 in Axes
  3294 | D:5      | Noticed Blork the orc
  3307 | D:5      | Killed Blork the orc
  3307 | D:5      | Reached XP level 7. HP: 33/57 MP: 7/7
  3393 | D:5      | Noticed a two-headed ogre
  3527 | D:5      | Found Aeeloqip's Alliterative Accessories.
  3540 | D:5      | Reached skill level 10 in Axes
  3659 | D:5      | Noticed Prince Ribbit
  3832 | D:5      | Killed Prince Ribbit
  3832 | D:5      | Reached skill level 11 in Axes
  3832 | D:5      | Reached XP level 8. HP: 60/64 MP: 8/8
  3925 | D:5      | Found a burning altar of Makhleb.
  3926 | D:5      | Found a white marble altar of Elyvilon.
  3926 | D:5      | Found a sparkling altar of Nemelex Xobeh.
  3927 | D:5      | Found a radiant altar of Vehumet.
  3984 | D:5      | Reached skill level 12 in Axes
  4208 | D:6      | Became a worshipper of Beogh the Brigand
  4278 | D:6      | Found a staircase to the Ecumenical Temple.
  4411 | D:6      | Found Jamnul's Distillery.
  4484 | D:6      | Found a sand-covered staircase.
  4490 | Ossuary  | Entered an ossuary
  4579 | Ossuary  | Reached * piety under Beogh
  4641 | Ossuary  | Reached skill level 5 in Fighting
  4643 | Ossuary  | Reached XP level 9. HP: 41/74 MP: 9/9
  4712 | Ossuary  | Reached skill level 13 in Axes
  4779 | Ossuary  | Reached ** piety under Beogh
  5033 | D:6      | Reached skill level 5 in Armour
  5490 | D:6      | Upgraded the game from 0.23-a0-8-gb809bb7 to 0.23-a0-14-g8c9a20f
  5511 | Temple   | Entered the Ecumenical Temple
  5913 | D:7      | Reached skill level 5 in Shields
  5919 | D:7      | Reached skill level 1 in Invocations
  6274 | D:7      | Noticed Dowan
  6275 | D:7      | Noticed Duvessa
  6291 | D:7      | Killed Duvessa
  6292 | D:7      | Killed Dowan
  6932 | D:8      | Reached XP level 10. HP: 84/86 MP: 10/12
  6960 | D:8      | Reached skill level 14 in Axes
  7232 | D:8      | Reached *** piety under Beogh
  7324 | D:7      | Identified a scroll of acquirement
  7398 | D:8      | Found a glowing golden altar of the Shining One.
  7427 | D:8      | Found a stormy altar of Qazlal.
  7889 | D:9      | Noticed a two-headed ogre
  7899 | D:9      | Killed a two-headed ogre
  8024 | D:9      | Noticed a death yak
  8026 | D:9      | Noticed a death yak
  8027 | D:9      | Noticed a deep elf mage
  8028 | D:9      | Noticed a death yak
  8039 | D:9      | Killed a death yak
  8039 | D:9      | Reached skill level 5 in Invocations
  8039 | D:9      | Reached XP level 11. HP: 42/95 MP: 14/14
  8040 | D:9      | Killed a death yak
  8046 | D:9      | HP: 6/142 [death yak (7)]
  8050 | D:10     | Entered Level 10 of the Dungeon
  8103 | D:10     | Reached **** piety under Beogh
  8124 | D:10     | Reached skill level 15 in Axes
  8274 | D:10     | Found a shimmering altar of Xom.
  8276 | D:10     | Got an iridescent long sword
  8277 | D:10     | Identified the +5 long sword of Blood {antimagic, -Tele rN+ Int+6 Dex+4} (You found it on level 10 of the Dungeon)
  8280 | D:10     | Found the +7 mace of Variability {chain chaos}
  8503 | D:10     | Gained Syrus as an ally
  8793 | D:9      | Killed a death yak
  8818 | D:9      | Found a staircase to the Lair.
  8914 | D:9      | Killed a deep elf mage
  9127 | D:11     | Found a burning altar of Makhleb.
  9215 | D:11     | Found a roughly hewn altar of Beogh.
  9217 | D:11     | Found a staircase to the Orcish Mines.
  9430 | D:11     | Reached ***** piety under Beogh
  9772 | Lair:1   | Entered Level 1 of the Lair of Beasts
  9970 | Lair:1   | Noticed a seven-headed hydra
  9982 | Lair:1   | Killed an eight-headed hydra
 10025 | Lair:1   | Reached XP level 12. HP: 90/106 MP: 17/17
 10029 | Lair:1   | Reached skill level 10 in Fighting
 10282 | Lair:2   | Gained Norbak as an ally
 10321 | Lair:2   | Found a runed gate.
 10322 | Lair:2   | Found a runed gate.
 10324 | Lair:2   | Noticed a four-headed hydra
 10327 | Lair:2   | Noticed Pamiuf's ghost (journeyman KoSu)
 10344 | Lair:2   | Found a runed gate.
 10380 | Lair:2   | Gained Worak as an ally
 10401 | Lair:2   | Reached skill level 16 in Axes
 10701 | Lair:2   | Noticed a death yak
 10702 | Lair:2   | Noticed a death yak
 10703 | Lair:2   | Noticed a death yak
 10710 | Lair:2   | Killed a death yak
 10710 | Lair:2   | Reached skill level 1 in Evocations
 10713 | Lair:2   | Killed a death yak
 10715 | Lair:2   | Killed a death yak
 11026 | Lair:3   | Noticed a six-headed hydra
 11030 | Lair:3   | Killed a six-headed hydra
 11061 | Lair:3   | Found a staircase to the Snake Pit.
 11201 | Lair:3   | Reached skill level 10 in Armour
 11244 | Lair:3   | Gained Grimold as an ally
 11339 | Lair:3   | Found a staircase to the Swamp.
 11691 | Lair:4   | Reached skill level 10 in Shields
 11705 | Lair:4   | Noticed Sonja
 11706 | Lair:4   | Noticed Sonja
 11706 | Lair:4   | Sonja changed into Sonja the yak
 11712 | Lair:4   | Killed Sonja the yak
 11728 | Lair:4   | Got a steaming glaive
 11729 | Lair:4   | Identified the cursed +2 glaive of Kasyec {distort, rElec rN++ MP-9} (You found it on level 4 of the Lair of Beasts)
 11782 | Lair:4   | Reached XP level 13. HP: 106/116 MP: 19/19
 12904 | Lair:5   | Reached ****** piety under Beogh
 12928 | Lair:5   | Your ally Grimold died
 13315 | Lair:6   | Entered Level 6 of the Lair of Beasts
 13722 | Lair:6   | Found a staircase to the Slime Pits.
 14675 | Orc:1    | Entered Level 1 of the Orcish Mines
 14695 | Orc:1    | Found Yczunas's Distillery.
 14845 | Orc:2    | Entered Level 2 of the Orcish Mines
 15001 | Orc:2    | Found a staircase to the Elven Halls.
 15027 | Orc:2    | Found a frozen archway.
 15059 | Orc:2    | Found Evi Afrum's Weapon Shop.
 15059 | Orc:2    | Found Hikonurph's Food Shoppe.
 15059 | Orc:2    | Found Weis's Book Emporium.
 15059 | Orc:2    | Found Pyzaynn's Jewellery Shop.
 15066 | Orc:2    | Gained Bogbrand as an ally
 15066 | Orc:2    | Reached XP level 14. HP: 72/129 MP: 21/21
 15069 | Orc:2    | Your ally Syrus died
 15072 | Orc:2    | Reached skill level 10 in Invocations
 15083 | Orc:2    | HP: 3/129 [two-headed ogre/giant club (16)]
 15090 | Orc:2    | Your ally Norbak died
 15091 | Orc:2    | Gained Argrim as an ally
 15908 | Orc:1    | Noticed Nergalle
 16088 | D:12     | Reached skill level 5 in Evocations
 17699 | D:14     | Noticed Snorg
 17704 | D:14     | Killed Snorg
 17959 | D:14     | Reached XP level 15. HP: 135/139 MP: 22/22
 17978 | D:14     | Reached skill level 15 in Fighting
 18339 | D:14     | Got a scorched hand axe
 18340 | D:14     | Identified the +3 hand axe "Efuiwud" {holy, Dex+4} (You found it on level 14 of the Dungeon)
 18351 | D:14     | Found a gate to the Vaults.
 18436 | D:15     | Entered Level 15 of the Dungeon
 18601 | D:15     | Found Weem's Book Shoppe.
 18613 | D:15     | Got a brightly glowing war axe
 18614 | D:15     | Identified the +2 war axe "Ofufokal" {antimagic, rF+ rC+} (You found it on level 15 of the Dungeon)
 18948 | D:15     | Found a staircase to the Depths.
 19416 | D:15     | Got an ancient marble ring
 19417 | D:15     | Identified the ring of Isiweta {Fire Int+5} (You acquired it on level 15 of the Dungeon)
 19801 | Swamp:1  | Entered Level 1 of the Swamp
 19925 | Swamp:1  | Your ally died
 20298 | Swamp:1  | Noticed Kirke
 20307 | Swamp:1  | Killed Kirke
 21390 | Swamp:3  | Reached XP level 16. HP: 140/151 MP: 23/23
 21398 | Swamp:3  | Reached skill level 17 in Axes
 22029 | Swamp:3  | Found a glowing silver altar of Zin.
 22073 | Swamp:3  | Found a large runed door.
 22073 | Swamp:3  | Found a large runed door.
 22081 | Swamp:3  | Noticed Amet's ghost (journeyman MiBe)
 22107 | Swamp:3  | Killed Amet's ghost
 22394 | Swamp:4  | Entered Level 4 of the Swamp
 22415 | Swamp:4  | Your ally Argrim died
 22420 | Swamp:4  | Gained Bogfrid as an ally
 22522 | Swamp:4  | Your ally Bogbrand died
 22530 | Swamp:4  | Your ally Bogfrid died
 22546 | Swamp:4  | HP: 1/152 [alligator[a spriggan druid] (9)]
 22546 | Swamp:4  | Slain by a vampire mosquito

Vault maps used:
D:1:      minmay_arrival_hallway
D:2:      old_standard_altar, first_ration, minmay_misc_feat_iff
D:3:      ebering_ghost_sewer_d, grunt_decor_fettered, fedhas_altar_fruit_tree
D:4:      ebering_ghost_sewer_d, uniq_grinder, uniq_eustachio
D:5:      minmay_opposing_rooms, chequers_temple_overflow_statue_of_worship,
          nicolae_alphabet_shops, nicolae_dithmenos_the_darkroom,
          uniq_prince_ribbit1, uniq_blork_the_orc
D:6:      temple_statues, nicolae_ossuary_entry_plus, serial_shops, shop
D:7:      uniq_duvessa
D:8:      hangedman_cross_stitches, nicolae_qazlal_general_emergency,
          kennysheep_little_box, hangedman_pestilent_swarm
D:9:      dpeg_lair_monsters
D:10:     minmay_guarded_unrand_variability
D:11:     david_orc_5, serial_column_ruins, column_ruins_open_tiny_water,
          column_ruins_grid_1, column_ruins_open_small, column_ruins_open_small,
          basic_altar
D:12:     grunt_potential
D:14:     david_vaults_4, minmay_staircase_windowed_large, uniq_snorg
D:15:     hangedman_depths_entry_try_elsewhere_first, minmay_fountain_box,
          serial_shops, shop, pond
Temple:   regret_index_temple_waves
Lair:1:   infiniplex_staircase_pool_2
Lair:2:   gammafunk_ghost_split, lemuel_fruit_fields, grunt_megastairs_1
Lair:3:   minmay_swamp_entry_worms, minmay_snake_entry_guardpost_small
Lair:4:   serial_bayou_lake_a, grunt_megastairs_4, serial_bayou_shore_b,
          uniq_sonja
Lair:5:   minivault_25, minmay_lair_oklob_chamber
Lair:6:   grunt_lair_end_beastmaster, slime_dummy, st_stairs_7,
          grunt_megastairs_2
Swamp:1:  evilmike_swamp_ruin_wall, swamp_pool3, uniq_kirke
Swamp:2:  evilmike_swamp_ruin_house_3
Swamp:3:  ebering_ghost_disaster_area, basic_altar
Swamp:4:  swamp_pestilence
Orc:1:    serial_shops, shop, uniq_nergalle
Orc:2:    st_orc_ogre_mass, portal_ice_cave_demonic_guard, mines5_lemuel
Ossuary:  ossuary_zaba_flooded

Skill      XL: |  1  2  3  4  5  6  7  8  9 10 11 12 13 14 15 16 |
---------------+-------------------------------------------------+-----
Axes           | 3 4 5 6 8 9 11 12 13 14 15 16 17 | 17.3
Fighting       | 5 7 8 9 11 13 14 16 | 16.6
Armour         | 4 5 7 8 10 11 12 13 | 13.8
Shields        | 5 7 8 10 11 13 14 | 14.8
Invocations    | 2 5 7 8 9 10 | 10.0
Evocations     | 2 4 5 6 |  6.0

Action                   |  1- 3 |  4- 6 |  7- 9 | 10-12 | 13-15 | 16-18 || total
-------------------------+-------+-------+-------+-------+-------+-------++-------
Melee: War axe           |   111 |   104 |   490 |    62 |       |       ||   767
       Broad axe         |       |       |       |   375 |   584 |   112 ||  1071
 Fire: Hunting sling     |    37 |    37 |       |       |       |       ||    74
       Hand crossbow     |       |       |    12 |       |       |       ||    12
Throw: Tomahawk          |       |       |    21 |     6 |     3 |       ||    30
       Javelin           |       |       |     1 |     1 |       |       ||     2
Invok: Convert to Beogh  |       |       |     1 |       |       |       ||     1
       Recall Orcish Fol |       |       |       |     4 |    12 |     4 ||    20
       Give Item to Name |       |       |       |     2 |     3 |       ||     5
       Smiting           |       |       |       |       |     3 |     1 ||     4
       Resurrection      |       |       |       |       |     2 |       ||     2
       Stop Recall       |       |       |       |       |     1 |     1 ||     2
Evoke: Wand              |       |     3 |       |     2 |     5 |       ||    10
  Use: Scroll            |       |     7 |       |    12 |    18 |     2 ||    39
       Potion            |       |     7 |     3 |     3 |    18 |     2 ||    33
 Stab: Distracted        |       |       |     1 |     2 |       |     1 ||     4
       Petrified         |       |       |       |       |     4 |       ||     4
  Eat: Chunk             |     2 |     6 |    13 |    13 |    23 |     2 ||    59
       Ration            |       |       |     4 |     1 |     3 |       ||     8
Armor: Scale mail        |    62 |    69 |   132 |       |    67 |       ||   330
       Chain mail        |       |       |    32 |   105 |       |       ||   137
       Plate armour      |       |       |       |    67 |   211 |       ||   278
       Swamp dragon scal |       |       |       |       |     1 |    73 ||    74
Dodge: Dodged            |    51 |    48 |    91 |    88 |   100 |    27 ||   405
Block: Shield            |    54 |    62 |   188 |   242 |   435 |   101 ||  1082
       Reflection        |       |       |       |       |    47 |     5 ||    52

Table legend:
 A = Spawn XP
 B = Non-spawn XP
 C = Spawn XP percentage of total XP
 D = Spawn monster count
 E = Non-spawn monster count
 F = Spawn count percentage of total count
 G = Total turns spent on level
                    A         B        C        D         E        F      G
               +---------+---------+-------+---------+---------+-------+---------
         Total |       0 |  145705 |   0.0 |       0 |     789 |   0.0 | 22546
               +---------+---------+-------+---------+---------+-------+---------
           D:1 |       0 |      54 |   0.0 |       0 |      33 |   0.0 |   913
           D:2 |       0 |      26 |   0.0 |       0 |      11 |   0.0 |   953
           D:3 |       0 |      73 |   0.0 |       0 |      12 |   0.0 |   555
           D:4 |       0 |     313 |   0.0 |       0 |      10 |   0.0 |   683
           D:5 |       0 |    1025 |   0.0 |       0 |      22 |   0.0 |  1068
           D:6 |       0 |     974 |   0.0 |       0 |      30 |   0.0 |  1056
           D:7 |       0 |    1250 |   0.0 |       0 |      21 |   0.0 |  1035
           D:8 |       0 |    2327 |   0.0 |       0 |      34 |   0.0 |  1066
           D:9 |       0 |    5302 |   0.0 |       0 |      37 |   0.0 |   552
          D:10 |       0 |    2305 |   0.0 |       0 |      21 |   0.0 |   820
          D:11 |       0 |    1724 |   0.0 |       0 |      25 |   0.0 |   729
          D:12 |       0 |    7574 |   0.0 |       0 |      38 |   0.0 |   823
          D:13 |       0 |    6078 |   0.0 |       0 |      27 |   0.0 |   854
          D:14 |       0 |    8936 |   0.0 |       0 |      29 |   0.0 |   803
          D:15 |       0 |   16747 |   0.0 |       0 |      51 |   0.0 |  1030
        Lair:1 |       0 |    3742 |   0.0 |       0 |      16 |   0.0 |   525
        Lair:2 |       0 |    7152 |   0.0 |       0 |      36 |   0.0 |   791
        Lair:3 |       0 |    3346 |   0.0 |       0 |      18 |   0.0 |   688
        Lair:4 |       0 |    2881 |   0.0 |       0 |      17 |   0.0 |   880
        Lair:5 |       0 |    6896 |   0.0 |       0 |      41 |   0.0 |   800
        Lair:6 |       0 |    9971 |   0.0 |       0 |      35 |   0.0 |  1232
       Swamp:1 |       0 |   13519 |   0.0 |       0 |      41 |   0.0 |   699
       Swamp:2 |       0 |    7696 |   0.0 |       0 |      19 |   0.0 |   883
       Swamp:3 |       0 |    9384 |   0.0 |       0 |      32 |   0.0 |  1011
       Swamp:4 |       0 |    7476 |   0.0 |       0 |      24 |   0.0 |   152
         Orc:1 |       0 |    1049 |   0.0 |       0 |       8 |   0.0 |   425
         Orc:2 |       0 |   17097 |   0.0 |       0 |      63 |   0.0 |  1040
       Ossuary |       0 |     788 |   0.0 |       0 |      38 |   0.0 |   334
               +---------+---------+-------+---------+---------+-------+---------
